← All builds
Beach sea / Armada / Economy first / OBSERVED BUILD

Standard beach sea

Armada Beach sea build order · Supreme Isthmus

Economy-first sea play: shipyard right away, a destroyer by around 5 minutes, then an Advanced Metal Extractor as the eco scales up, with later ships like corvette, frigate and submarine filling out the fleet; this is the role's baseline…

Usually shipyard first (93%)

#naval #eco · 884 distinct matches · 149 players · 72% of Armada Beach sea games · team won 50% of 952 · Recently observed

HOW TO PLAY IT

Key timing: Shipyard by 1:40, first destroyer by 4:52

  1. Open 3 mex into tidal generators for early energy.
  2. Rush Shipyard straight from the opening eco.
  3. Keep adding mex and naval energy converters to fund the fleet.
  4. Get your first destroyer out to contest the sea.
  5. Transition into Advanced Metal Extractor as eco scales.

Phase by phase

TYPICAL OF ITS 884 GAMES · AGAINST STANDARD BEACH SEA
  1. 1
  2. 2
  3. 3
PLAY THE OPENING

Follow the example game's first 6:00 step by step: what to build now, what comes next, and where it goes. At 1× it keeps pace with your own game.

  1. 1

    Up to the Shipyard

    Economy
    • Metal Extractor3Mex
    • Wind Turbine2Windfor allies+2 vs standard
    • Wind Turbine1Wind−4 vs standard
    Order
    1. ShipyardShipyard after 3 mex, 1 winddone ~1:44, middle half 1:27–2:01

    Some games also: tidal (38%) · energy storage (35%)

    By 1:27 in all: 3 mex · 1 wind (standard 5)

    The example game in this phase · 6 steps
    1. Mex ×3
    2. Radar TowerRadar Tower
    3. Wind ×4
    4. Bot LabBot Labdone 1:24
    5. LazarusLazarus
    6. Wind
  2. 2

    Shipyard to 5:00

    Economy
    • Metal Extractor5Mex
    • Wind Turbine2Wind−3 vs standard
    • Tidal Generator2Tidal+2 vs standard
    Builders
    • Construction Ship2 Con ship +2 vs standard
    Army
    • Dolphin3 Dolphin +3 vs standard
    • Skater2 Skater +2 vs standard
    • Corsair1 Destroyer
    Other
    • Naval Radar / Sonar Tower1 Naval Radar / Sonar Tower

    Some games also: Harpoon (43%) · con turret (35%) · frigate (33%) · submarine (33%) · Sentry (31%)

    The standard build makes here, this one skips: 3 con hovercraft · 7 seeker

    By 5:00 in all: 8 mex · 4 wind (standard 10) · 3 tidal (standard 0)

    The example game in this phase · 45 steps
    1. LazarusLazarus
    2. Construction BotCon bot
    3. LazarusLazarus
    4. Con turret
    5. Hovercraft PlatformHovercraft Platformdone 2:44
    6. SweeperSweeper
    7. Bot LabEat Bot Labreclaimed for its metal
    8. Wind
    9. Converter
    10. Wind ×2
    11. Converter
    12. Wind
    13. Construction HovercraftCon hovercraft ×2
    14. Wind
    15. Converter
    16. Wind
    17. Converter ×2
    18. SeekerSeeker
    19. Wind
    20. SeekerSeeker
    21. Converter
    22. SeekerSeeker
    23. Wind
    24. SeekerSeeker
    25. Wind
    26. SeekerSeeker
    27. Mex
    28. SeekerSeeker
    29. Wind
    30. SeekerSeeker
    31. Wind
    32. SeekerSeeker
    33. Wind
    34. SeekerSeeker
    35. Wind
    36. SeekerSeeker
    37. Construction HovercraftCon hovercraft
    38. Wind ×2
    39. SeekerSeeker
    40. Wind
    41. Mex
    42. Con turret
    43. SeekerSeeker ×2
    44. Wind
    45. SeekerSeeker
  3. 3

    5:00 to 10:00

    Economy
    • Metal Extractor1Mex−2 vs standard
    • Wind Turbine11Wind
    Builders
    • Naval Construction Turret1 Naval Construction Turret
    • Grim Reaper1 Grim Reaper
    Army
    • Sentry1 Sentry
    • Harpoon1 Harpoon
    • Dolphin3 Dolphin
    • Corsair2 Destroyer
    • Skater2 Skater
    Other
    • Naval Radar / Sonar Tower1 Naval Radar / Sonar Tower

    Some games also: con ship (48%) · frigate (46%) · Radar Tower (42%) · tidal (40%) · con turret (39%)

    By 10:00 in all: 10 mex · 16 wind (standard 23) · 4 tidal (standard 0) · 1 energy storage · 1 con turret · 1 Naval Construction Turret

    The example game in this phase · 107 steps
    1. Wind
    2. Converter
    3. SeekerSeeker ×2
    4. Mex
    5. SeekerSeeker
    6. Wind
    7. Converter
    8. SeekerSeeker ×2
    9. Converter
    10. Wind
    11. SeekerSeeker
    12. Converter
    13. Construction HovercraftCon hovercraft
    14. Mex
    15. Wind
    16. Converter
    17. SeekerSeeker ×2
    18. Wind
    19. Converter
    20. SeekerSeeker ×2
    21. Naval Radar / Sonar TowerNaval Radar / Sonar Tower
    22. SeekerSeeker
    23. Wind
    24. SeekerSeeker
    25. Wind
    26. SeekerSeeker ×2
    27. Wind
    28. SeekerSeeker ×4
    29. Wind
    30. Naval Radar / Sonar TowerNaval Radar / Sonar Tower
    31. SeekerSeeker ×2
    32. Wind
    33. SeekerSeeker ×2
    34. Wind
    35. SeekerSeeker ×2
    36. Wind
    37. Energy storage
    38. Naval Radar / Sonar TowerNaval Radar / Sonar Tower
    39. Wind ×2
    40. SeekerSeeker
    41. Wind
    42. SeekerSeeker
    43. Wind
    44. SeekerSeeker
    45. Wind
    46. SeekerSeeker
    47. Naval Radar / Sonar TowerNaval Radar / Sonar Tower
    48. Wind
    49. SeekerSeeker
    50. Advanced Metal ExtractorT2 mexdone 9:35 · typical 10:04
    51. Wind
    52. SeekerSeeker
    53. Naval Radar / Sonar TowerNaval Radar / Sonar Tower
    54. Wind
    55. SeekerSeeker
    56. Wind
    57. SeekerSeeker
    58. Wind ×2
    59. Naval Radar / Sonar TowerNaval Radar / Sonar Tower
    60. Wind
    61. SeekerSeeker ×2
    62. Advanced Metal ExtractorT2 mex
    63. SeekerSeeker ×2
    64. Wind
    65. SeekerSeeker
    66. Wind
    67. Advanced Metal ExtractorT2 mex
    68. Wind
    69. Naval Radar / Sonar TowerNaval Radar / Sonar Tower
    70. Con turret
    71. SeekerSeeker
    72. Wind
    73. Con turret
    74. Wind
    75. SeekerSeeker ×12
    76. Naval Radar / Sonar TowerNaval Radar / Sonar Tower
    77. SeekerSeeker ×3
    78. Converter
    79. Advanced Metal ExtractorT2 mex
    80. SeekerSeeker
    81. Converter
    82. SeekerSeeker
    83. Converter
    84. SeekerSeeker
    85. Converter
    86. SeekerSeeker
    87. Converter
    88. SeekerSeeker
    89. Converter
    90. SeekerSeeker
    91. Converter
    92. SeekerSeeker
    93. Converter
    94. SeekerSeeker ×2
    95. Converter
    96. Naval Radar / Sonar TowerNaval Radar / Sonar Tower
    97. SeekerSeeker ×2
    98. Converter
    99. SeekerSeeker
    100. Converter
    101. SeekerSeeker ×3
    102. Converter
    103. SeekerSeeker ×10
    104. Fusion ReactorFusiondone 13:43
    105. SeekerSeeker ×15
    106. Fusion ReactorFusion
    107. SeekerSeeker ×16

Counts are medians over the build's games: half of them build more, half fewer. The example game is Seddow's (31 OS, 20/08/2026); pick another.

Team trades

IN AT LEAST 30% OF ITS GAMES

You hand over

  • Wind Turbine3 Wind to Airfirst at 1:42 · in 79% of games

You get

  • Finch1 Finch from Airfirst at 1:58 · in 78% of games
  • Lazarus1 Lazarus from Geofirst at 2:12 · in 53% of games
  • Hephaestus1 Heavy transport from Airfirst at 2:16 · in 63% of games
  • Hercules1 Light transport from Airfirst at 2:19 · in 39% of games
  • Construction Bot1 Con bot from Geofirst at 2:27 · in 69% of games
  • Advanced Construction Bot1 T2 con bot from Techfirst at 8:11 · in 88% of games

How it plays out

Typical game of this build, running totals by minute

Metal produced

010k20k30k
0:005:0010:0015:00

metal

Enemy metal destroyed

02.5k5k7.5k
0:005:0010:0015:00

metal

Own metal lost

02.5k5k7.5k
0:005:0010:0015:00

metal

952 games.

Show as table
ByMetal produced: This buildEnemy metal destroyed: This buildOwn metal lost: This build
1:0040400
2:0093800
3:00158000
4:0025205151
5:003703240150
6:005100563353
7:0065861096686
8:00815116621136
9:00977024311809
10:001162133352565
11:001368342663340
12:001604450794130
13:001847658614941
14:002125265425913
15:002391173996700
WHAT THE NUMBERS SAY

This baseline wins less than half its games, trading sea kills for losses at a similar rate to the enemy through 15 minutes.

  • + Metal production outpaces enemy destruction early, 3733 vs 255 at 5:00.
  • + Kills and losses track closely by 15:00 (8342 vs 6711), an even fight.
  • − Team wins under half of games (47%).
  • − T2 factory reached in only 34% of games, the lowest tech rate among sea roles.
THE EXAMPLE YOU ARE READING

Seddow

30.9 OS · 20/08/2026

Open source match ↗

3 received units · includes a constructor
494 metal received · 45614 energy received

Allied construction assistance is unknown. Timings are observations, not a promise of solo reproducibility.

Typical milestones

Shipyard1:44Middle 50%: 1:27–2:01 · n=948
Corsair4:59Middle 50%: 4:20–5:56 · n=899
Advanced Metal Extractor10:04Middle 50%: 9:13–10:57 · n=799

Played most by

yeskinkot68games of this buildHummell61games of this buildTheSituation47games of this buildBlover37games of this buildTheGeneraI36games of this build